 Dungeon Crawl Stone Soup version 0.29-a0-88-g03a7b78be7 (webtiles) character file.

Game seed: 10127294257751152491

403 Hubjo the Sneak (level 6, 0/36 HPs)
             Began as a Vampire Enchanter on Feb 5, 2022.
             Slain by a sky beast (5 damage)
             ... on level 4 of the Dungeon.
             The game lasted 00:16:32 (3771 turns).

Hubjo the Sneak (Vampire Enchanter)                 Turns: 3771, Time: 00:16:32

Health: 0/36       AC:  5    Str:  7    XL:     6   Next: 55%
Magic:  6/9        EV: 13    Int: 17    God:
Gold:   242        SH:  0    Dex: 17    Spells: 3/9 levels left

rFire   + . .      SeeInvis +   h - +1 short sword (elec)
rCold   + . .      Faith    .   (no shield)
rNeg    + + +      Spirit   .   n - +2 robe {rN+}
rPois   ∞          Reflect  .   (no helmet)
rElec   .          Harm     .   (no cloak)
rCorr   .          Rampage  .   k - +0 pair of gloves
Will    .....                   (no boots)
Stlth   ++++++....              (no amulet)
HPRegen 0.00/turn               i - ring of fire
MPRegen 0.11/turn               q - ring of wizardry

@: about to teleport, bloodless, inhibited regen
A: bloodless, fangs 3, see invisible, vampiric 2
a: Bat Form, Revivify


You were on level 4 of the Dungeon.
You visited 1 branch of the dungeon, and saw 4 of its levels.

You collected 242 gold pieces.

Inventory:

Hand Weapons
 a - a +1 dagger
 g - a +1 short sword of speed
 h - a +1 short sword of electrocution (weapon)
Missiles
 m - 3 javelins (quivered)
 u - 9 poisoned darts
Armour
 b - a +0 robe
 k - a +0 pair of gloves (worn)
 n - a +2 robe of positive energy (worn)
Magical Staves
 f - a staff of conjuration
Jewellery
 i - a ring of fire (left hand)
 q - a ring of wizardry (right hand)
Wands
 d - a wand of polymorph (11)
 s - a wand of mindburst (12)
 t - a wand of flame (34)
Scrolls
 e - a scroll of blinking {unknown}
 r - 2 scrolls of immolation {unknown}
Potions
 c - a potion of invisibility
 j - a potion of flight
 o - a potion of ambrosia {unknown}


   Skills:
 + Level 2.7 Fighting
 + Level 2.8 Short Blades
 + Level 3.4 Dodging
 * Level 7.2 Stealth
 + Level 2.2 Spellcasting
 + Level 5.6 Hexes
 + Level 0.6 Evocations


You had 3 spell levels left.
You knew the following spells:

 Your Spells              Type           Power      Damage    Failure   Level
a - Tukima's Dance        Hex            21%        N/A       2%          3
b - Dazzling Flash        Conj/Hex       22%        N/A       8%          3

Your spell library contained the following spells:

 Spells                   Type           Power      Damage    Failure   Level
 Confusing Touch          Hex            21%        N/A       2%          3
 Ensorcelled Hibernation  Hex/Ice        22%        N/A       3%          2
 Beastly Appendage        Tmut           2%         N/A       8%          1
 Wereblood                Tmut           1%         N/A       12%         2
 Spider Form              Tmut/Pois      1%         N/A       22%         3


Dungeon Overview and Level Annotations

Branches:
Dungeon (4/15)
 Temple: D:4-7

Altars:
Dithmenos

Shops:
D:2 (

Annotations:
D:4 3 runed translucent doors, soggyman666's ghost, amateur DgFE


Innate Abilities, Weirdness & Mutations

You do not regenerate when monsters are visible.
You are frail without blood (-20% HP).
You can heal yourself when you bite living creatures.
You are immune to poison.
You have razor-sharp teeth.
You have supernaturally acute eyesight. (SInv)
You are afflicted with vampirism and can become a bat while bloodless.


Message History

The sky beast is severely wounded.
The sky beast closely misses you.
You closely miss the sky beast.
The sky beast is severely wounded.
The sky beast barely misses you.
You closely miss the sky beast.
The sky beast is severely wounded.
The sky beast barely misses you.
You feel better. The sky beast hits you. The sky beast shocks you.
You closely miss the sky beast. Your bite misses the sky beast.
The sky beast is severely wounded.
The sky beast misses you.
You hit the sky beast.
The sky beast is almost dead.
The sky beast flickers out of sight for a moment.
The sky beast hits you but does no damage.
You closely miss the sky beast.
You bite the sky beast, but do no damage.
The sky beast is almost dead.
The sky beast hits you. The sky beast shocks you.
* * * LOW HITPOINT WARNING * * *
Casting: Dazzling Flash (dangerous; 8% risk of failure)
Confirm with . or Enter, or press ? or * to list all spells.
Casting: Dazzling Flash (dangerous; 8% risk of failure)
Press: ? - help, Dir - look around, f - activate The sky beast hits you but does no damage.
Aiming: Throw Flame
Press: ? - help, Shift-Dir - straight line, f - sky beast
Aim: a sky beast (almost dead, slightly transparent, 56% to hit)
Okay, then.
Aiming: Throw Flame
Press: ? - help, Shift-Dir - straight line, f - sky beast
Aim: a sky beast (almost dead, slightly transparent, 56% to hit)
The puff of flame misses the sky beast.
The sky beast hits you but does no damage.
As you read the scroll of teleportation, it crumbles to dust.
You feel strangely unstable. The sky beast hits you.
* * * LOW HITPOINT WARNING * * *
The sky beast shocks you.
You die...

#.#. #.#.#
#.#.##.#. #
#.......
.###.....>
#.###.#.#....##
#..Y@..# #....
#.###.##
#..########
#.##
##.........
##.##
##..########
####.###.###
#.....#.##
#.####.## # ###
# #


You could see a sky beast.

Vanquished Creatures
  A bullfrog zombie (D:3)
  A jelly (D:4)
  2 orc wizards
  A gnoll (D:1)
  4 adders
  An adder skeleton (D:4)
  A worm (D:2)
  A dart slug (D:1)
  7 orcs
  5 ball pythons
  12 endoplasms
  5 giant cockroaches
  7 hobgoblins
  A jackal (D:1)
  7 kobolds
  4 quokkas
  7 bats (D:1)
  3 frilled lizards
  3 goblins
  8 rats
81 creatures vanquished.

Vanquished Creatures (collateral kills)
  Sigmund (D:2)
1 creature vanquished.

Grand Total: 82 creatures vanquished

Notes
Turn   | Place    | Note
-------+----------+-------------------------------------------
     0 | D:1      | Hubjo the Vampire Enchanter began the quest for the Orb.
     0 | D:1      | Reached XP level 1. HP: 13/13 MP: 3/3
   145 | D:1      | Reached XP level 2. HP: 20/20 MP: 5/5
   387 | D:1      | Reached skill level 1 in Fighting
   398 | D:1      | Reached skill level 5 in Stealth
   606 | D:1      | Gained mutation: You are afflicted with vampirism and can
                  | become a bat while bloodless. [Vampire growth]
   606 | D:1      | Reached XP level 3. HP: 26/26 MP: 6/6
  1074 | D:2      | Found Ugreiz's Weapon Boutique.
  1172 | D:2      | Noticed Sigmund
  1179 | D:2      | Learned a level 3 spell: Tukima's Dance
  1206 | D:2      | Killed Sigmund
  1207 | D:2      | Reached skill level 6 in Stealth
  1207 | D:2      | Reached skill level 5 in Hexes
  1207 | D:2      | Reached XP level 4. HP: 34/34 MP: 5/7
  1207 | D:2      | Reached XP level 5. HP: 39/39 MP: 5/8
  1901 | D:3      | Reached XP level 6. HP: 24/36 MP: 9/9
  2117 | D:3      | Noticed a sky beast
  2452 | D:3      | Learned a level 3 spell: Dazzling Flash
  2630 | D:3      | Reached skill level 7 in Stealth
  3276 | D:4      | Found a runed translucent gate.
  3279 | D:4      | Found a runed translucent gate.
  3279 | D:4      | Found a runed translucent gate.
  3283 | D:4      | Noticed soggyman666's ghost (amateur DgFE)
  3347 | D:4      | Found a shadowy altar of Dithmenos.
  3757 | D:4      | Noticed a sky beast
  3771 | D:4      | Slain by a sky beast

Illustrated notes

Levels and vault maps discovered:
D:1:      saegor_arrival_simple_a, layout_loops_corners, minmay_3d_cube
D:2:      layout_rooms, serial_shops, nicolae_shop_bloodbath_and_beyond,
          uniq_sigmund
D:3:      layout_loops_ring, minmay_misc_feat_rows,
          minmay_fractal_squares_gapless_5
D:4:      layout_loops_ring, amcnicky_altar_gilded, gammafunk_ghost_necromancy

Skill      XL: |  1  2  3  4  5  6 |
---------------+-------------------+-----
Fighting       | 1 2 |  2.7
Stealth        | 5 6 7 |  7.2
Short Blades   | 2 |  2.8
Dodging        | 3 |  3.4
Hexes          | 5 |  5.6
Spellcasting   | |  2.2
Evocations     | |  0.6

Action                   |  1- 3 |  4- 6 || total
-------------------------+-------+-------++-------
Melee: Dagger            |    23 |       ||    23
       Bite              |    10 |    10 ||    20
       Short sword       |    71 |   146 ||   217
       Punch             |       |     4 ||     4
Throw: Javelin           |       |     3 ||     3
 Cast: Tukima's Dance    |     1 |       ||     1
       Dazzling Flash    |       |     2 ||     2
 Abil: Exsanguinate      |       |     1 ||     1
Evoke: Wand              |       |     1 ||     1
  Use: Scroll            |       |     9 ||     9
       Potion            |       |     4 ||     4
 Stab: Sleeping          |    15 |    17 ||    32
       Distracted        |     1 |     1 ||     2
Armor: Robe              |    19 |    26 ||    45
Dodge: Dodged            |    41 |    71 ||   112

Table legend: (Time is in decaauts)
 A = Elapsed time spent in this place.
 B = Non-inter-level travel time spent in this place.
 C = Inter-level travel time spent in this place.
 D = Time resting spent in this place.
 E = Time spent auto-exploring this place.
 F = Levels seen in this place.
 G = Mean time per level.
                   A        B        C        D        E       F      G
               +--------+--------+--------+--------+--------+-----+--------+
         Total |   3760 |   3320 |    440 |    720 |   1732 |   4 |  940.0 |
       Dungeon |   3760 |   3320 |    440 |    720 |   1732 |   4 |  940.0 |
               +--------+--------+--------+--------+--------+-----+--------+

Top non-repeatable levels by time:
     D:3: 1613 daAuts
     D:1: 1042 daAuts
     D:2: 586 daAuts
     D:4: 517 daAuts
